 Dungeon Sprint DCSS version 0.27-a0-808-g60bc5d92e6 (webtiles) character file.

Game seed: 16672430390020867619

138104 mhtbhm the Minotaur Barricade (level 15, -6/165 HPs)
             Began as a Minotaur Fighter on Mar 28, 2021.
             Was the Champion of Trog.
             Killed from afar by a merfolk aquamancer (25 damage)
             ... with a ball of steam
             ... in the Dungeon (Sprint IX: "|||||||||||||||||||||||||||||").
             The game lasted 00:14:47 (7039 turns).

mhtbhm the Minotaur Barricade (Minotaur Fighter)    Turns: 7039, Time: 00:14:48

Health: -6/165     AC: 25    Str: 36    XL:     15   Next: 59%
Magic:  14/14      EV: 17    Int:  1    God:    Trog [******]
Gold:   224        SH: 39    Dex: 16    Spells: 14/14 levels left

rFire    . . .     SeeInvis .   a - +9 spear of Tumult {flame, rN+ Dex+6}
rCold    . . .     Faith    .   c - +10 tower shield of Ignorance {rN+ Int-4}
rNeg     + + .     Spirit   .   b - +0 storm dragon scales
rPois    .         Reflect  .   n - +1 hat
rElec    +         Harm     .   m - +0 cloak
rCorr    .         Rampage  .   o - +0 pair of gloves {Str+3}
Will     +....     NoTele   +   r - +0 pair of boots
Stlth    ..........             G - amulet of regeneration
HPRegen  1.37/turn              J - +6 ring of strength
MPRegen  0.14/turn              (no ring)

@: lethally poisoned (-6 -> -6), berserk cooldown, slowed, very slow
A: horns 2, retaliatory headbutt
}: 3/17 runes: decaying, serpentine, gossamer
a: Renounce Religion, Berserk, Trog's Hand, Brothers in Arms


You were in the Dungeon.
You worshipped Trog.
Trog was exalted by your worship.
You visited 1 branch You collected 1875 gold pieces.
You spent 1651 gold pieces at shops.

Inventory:

Hand Weapons
 a - the +9 spear of Tumult (weapon) {flame, rN+ Dex+6}
   (Trog gifted it to you in the Dungeon)

   It has been specially enchanted to burn those struck by it, causing extra
   injury to most foes and up to half again as much damage against particularly
   susceptible opponents.
   It affects your dexterity (+6).
   It protects you from negative energy.
 u - a +3 antimagic demon trident
Missiles
 t - 5 javelins (quivered)
Armour
 b - +0 storm dragon scales (worn)
 c - the +10 tower shield of Ignorance (worn) {rN+ Int-4}
   (You found it in the Dungeon)

   It affects your intelligence (-4).
   It protects you from negative energy.
 m - a +0 cloak (worn)
 n - a +1 hat (worn)
 o - a +0 pair of gloves of strength (worn)
 r - a +0 pair of boots (worn)
Jewellery
 B - a ring of poison resistance
 G - an amulet of regeneration (around neck)
 H - a +2 ring of slaying
 I - a +2 ring of slaying
 J - a +6 ring of strength (left hand)
Scrolls
 g - 6 scrolls of fear
 i - 2 scrolls of enchant weapon
 j - a scroll of blinking
 p - 9 scrolls of identify
 q - 9 scrolls of enchant armour
 v - a scroll of holy word
 w - a scroll of brand weapon
 F - 2 scrolls of fog
Potions
 d - 4 potions of might
 e - 2 potions of berserk rage
 f - 9 potions of heal wounds
 h - 4 potions of magic
 k - 6 potions of curing
 s - 3 potions of mutation
 x - 3 potions of haste
 z - 2 potions of resistance
 A - a potion of cancellation


   Skills:
 + Level 23.5 Fighting
 + Level 25.7 Polearms
 + Level 19.9 Armour
 + Level 14.1 Dodging
 + Level 6.1 Stealth
 O Level 27 Shields
 + Level 5.1 Evocations


You had 14 spell levels left.
You didn't know any spells.
Your spell library was empty.

Dungeon Overview and Level Annotations

Branches:
Dungeon (1/1)

Altars:
Cheibriados
Dithmenos
Elyvilon
Fedhas
Gozag
Hepliaklqana
Kikubaaqudgha
Makhleb
Nemelex Xobeh
Okawaru
Qazlal
Ru
Sif Muna
Trog
Uskayaw
Vehumet
Wu Jian
Xom
Yredelemnul
Zin
The Shining One
Beogh
Jiyva
Lugonu

Shops:
D ?!!(


Innate Abilities, Weirdness & Mutations

You have a pair of horns on your head.
You reflexively headbutt those who attack you in melee.


Message History

Throw: 6 javelins
Press: ? - help, Q - select action, (/) - cycle Shift-Dir - straight line, f/p - merfolk aquamancer
Aim: a merfolk aquamancer, wielding a +1 rapier of venom and wearing a +0 robe (moderately wounded, 65% to hit)
You throw a javelin.
The javelin pierces through the merfolk aquamancer but does no damage.
The merfolk aquamancer is moderately wounded.
The javelin pierces through the merfolk javelineer!!
The merfolk javelineer is moderately wounded.
The javelin barely misses the merfolk impaler.
The javelin pierces through the merfolk impaler.
The merfolk impaler is lightly wounded.
The javelin misses the merfolk impaler.
The javelin pierces through the merfolk!
The merfolk is moderately wounded.
You feel extremely sick.
The merfolk aquamancer hits you but does no damage.
The merfolk javelineer closely misses you.
A merfolk comes into view. It is wielding a +0 trident.
You block the merfolk javelineer's attack.
You block the merfolk aquamancer's attack. x2
You block the merfolk javelineer's attack.
Unknown command.
Blink to where?
Press: ? - help, Dir - move target, p - merfolk aquamancer
As you read the scroll of blinking, it crumbles to dust.
You feel very sick.
Unknown command.
Your cyclops goes berserk!
You feel very sick.
The merfolk aquamancer points at you and mumbles some strange words.
The ball of steam hits your cyclops!! The ball of steam hits you!!!
* * * LOW HITPOINT WARNING * * *
Unknown command.
You feel sick.
Your cyclops is engulfed in a cloud of scalding steam.
You feel sick.
The merfolk aquamancer is engulfed in a cloud of scalding steam.
The merfolk aquamancer casts a spell at you.
The ball of steam hits your cyclops!! The ball of steam hits you!!
You die...

.▓.▓)▓)▓.▓.▓.▓.▓m▓
.▓.▓)▓)▓.▓.▓.▓.▓.▓
.▓.▓)▓)▓.▓.▓.▓.▓§▓
.▓.▓)▓.▓.▓.▓.▓.▓m▓
.▓.▓)▓.▓.▓.▓.▓.▓≈▓
)▓.▓)▓.▓.▓.▓.▓.▓C▓
.▓.▓'▓.▓.▓.▓!▓.▓§▓
)▓.▓.▓.▓.▓.▓.▓.▓§▓
)▓.▓.▓.▓.▓.▓.▓.▓@▓
'▓.▓.▓.▓.▓.▓.▓.▓.▓
[▓.▓.▓.▓)▓.▓.▓.▓.▓
.▓.▓.▓.▓)▓.▓.▓.▓.▓
.▓.▓.▓.▓)▓.▓.▓.▓.▓
.▓.▓)▓.▓)▓.▓.▓.▓.▓
.▓.▓)▓.▓)▓.▓.▓.▓.▓
.▓.▓.▓.▓'▓.▓[▓.▓)▓
.▓.▓÷▓.▓)▓.▓[▓.▓'▓


There were no monsters in sight!

Vanquished Creatures
  Saint Roka (D)
  Frances (D)
  A sphinx (D)
  Gastronok (D)
  Ilsuiw (D)
  A nagaraja (D)
  2 vault wardens (D)
  2 ghost moths (D)
  Louise (D)
  Aizul (D)
  3 emperor scorpions (D)
  A stone giant (D)
  2 ironbound preservers (D)
  3 very ugly things (D)
  A bunyip (D)
  A vampire knight (D)
  An entropy weaver (D)
  A spark wasp (D)
  An eleionoma (D)
  An ettin (D)
  A merfolk javelineer (D)
  A merfolk impaler (D)
  A shambling mangrove (D)
  4 naga warriors (D)
  A yaktaur captain (D)
  4 hydras (D)
  A great orb of eyes (D)
  A peacekeeper (D)
  2 ice dragons (D)
  2 merfolk avatars (D)
  2 ogre magi (D)
  A death knight (D)
  2 boulder beetles (D)
  An anaconda (D)
  Erica (D)
  An anaconda (shapeshifter) (D)
  A tengu warrior (D)
  3 merfolk aquamancers (D)
  A deep troll shaman (D)
  3 vampire magi (D)
  4 two-headed ogres (D)
  Urug (D)
  A spriggan berserker (D)
  A naga sharpshooter (D)
  A shock serpent (D)
  A flayed ghost (D)
  A goliath frog (D)
  8 swamp dragons (D)
  2 ironbound convokers (D)
  A wizard (D)
  A deep elf pyromancer (D)
  An ugly thing (D)
  3 wolf spiders (D)
  2 cyclopes (D)
  A moth of wrath (D)
  2 guardian serpents (D)
  A will-o-the-wisp (D)
  4 black mambas (D)
  2 merfolk sirens (D)
  A guardian serpent (shapeshifter) (D)
  2 naga magi (D)
  6 vault sentinels (D)
  A water nymph (D)
  6 cane toads (D)
  A komodo dragon (D)
  6 demonic crawlers (D)
  A freezing wraith (D)
  2 yaktaurs (D)
  3 merfolk (D)
  4 tyrant leeches (D)
  A troll (D)
  2 jumping spiders (D)
  2 hornets (D)
  2 blink frogs (D)
  3 slime creatures (D)
  2 spriggans (D)
  2 yaks (D)
  2 tarantellas (D)
  2 redbacks (D)
  2 shadows (D)
  Eustachio (D)
  2 vampire mosquitoes (D)
  A basilisk (D)
  A naga (D)
  3 water moccasins (D)
  12 orc warriors (D)
  A swamp drake (D)
  A black bear (D)
  9 ogres (D)
  A centaur (D)
  A wolf (D)
  3 bullfrogs (D)
  A scorpion (D)
  2 orc priests (D)
  2 iguanas (D)
  5 orc wizards (D)
  An adder (D)
  13 orcs (D)
  2 bats (D)
  A kobold (D)
  A frilled lizard (D)
  A giant cockroach zombie (D)
  A quokka simulacrum (D)
  A rat (D)
219 creatures vanquished.

Vanquished Creatures (collateral kills)
  3 nagarajas (D)
  3 stone giants (D)
  A very ugly thing (D)
  An ettin (D)
  A naga warrior (D)
  A tengu warrior (D)
  A naga (D)
11 creatures vanquished.

Vanquished Creatures (others)
  A lich (D)
  A cyclops (D)
  A troll (D)
  A naga (D)
  A swamp drake (D)
  2 foxfires (D)
7 creatures vanquished.

Grand Total: 237 creatures vanquished

Notes
Turn   | Place    | Note
-------+----------+-------------------------------------------
     0 | D        | mhtbhm the Minotaur Fighter began the quest for the Orb.
     0 | D        | Reached XP level 1. HP: 19/19 MP: 0/0
    12 | D        | Reached skill level 4 in Shields
   117 | D        | Noticed a scorpion
   117 | D        | Noticed an ogre
   117 | D        | Noticed an iguana
   117 | D        | Noticed an iguana
   123 | D        | Reached XP level 2. HP: 28/28 MP: 1/1
   130 | D        | Reached skill level 5 in Fighting
   130 | D        | Reached skill level 5 in Armour
   130 | D        | Reached skill level 1 in Dodging
   130 | D        | Reached skill level 5 in Shields
   130 | D        | Reached XP level 3. HP: 15/36 MP: 2/2
   138 | D        | Killed an ogre
   139 | D        | Reached skill level 7 in Shields
   139 | D        | Reached XP level 4. HP: 26/47 MP: 3/3
   139 | D        | Reached XP level 5. HP: 29/52 MP: 4/4
   148 | D        | Reached skill level 5 in Polearms
   154 | D        | Found a snail-covered altar of Cheibriados.
   154 | D        | Found a shadowy altar of Dithmenos.
   154 | D        | Found a white marble altar of Elyvilon.
   154 | D        | Found a blossoming altar of Fedhas.
   154 | D        | Found an opulent altar of Gozag.
   163 | D        | Found a hazy altar of Hepliaklqana.
   164 | D        | Found a viscous altar of Jiyva.
   165 | D        | Found an ancient bone altar of Kikubaaqudgha.
   166 | D        | Found a corrupted altar of Lugonu.
   167 | D        | Found a burning altar of Makhleb.
   168 | D        | Found a sparkling altar of Nemelex Xobeh.
   169 | D        | Found an iron altar of Okawaru.
   170 | D        | Found a stormy altar of Qazlal.
   171 | D        | Found a sacrificial altar of Ru.
   172 | D        | Found a shimmering blue altar of Sif Muna.
   173 | D        | Found a bloodstained altar of Trog.
   174 | D        | Found a hide-covered altar of Uskayaw.
   175 | D        | Found a radiant altar of Vehumet.
   176 | D        | Found an ornate altar of the Wu Jian Council.
   177 | D        | Found a shimmering altar of Xom.
   178 | D        | Found a basalt altar of Yredelemnul.
   179 | D        | Found a glowing silver altar of Zin.
   180 | D        | Found a glowing golden altar of the Shining One.
   181 | D        | Became a worshipper of Trog the Wrathful
   365 | D        | Noticed an orc warrior
   365 | D        | Noticed a shadow
   365 | D        | Noticed a shadow
   365 | D        | Noticed a troll
   365 | D        | Noticed a centaur
   372 | D        | Killed a centaur
   373 | D        | Reached skill level 8 in Shields
   373 | D        | Reached XP level 6. HP: 61/61 MP: 5/5
   375 | D        | Killed a troll
   376 | D        | Reached skill level 10 in Armour
   376 | D        | Reached skill level 9 in Shields
   379 | D        | Killed a shadow
   379 | D        | Reached * piety under Trog
   380 | D        | Reached XP level 7. HP: 37/70 MP: 6/6
   381 | D        | Killed a shadow
   382 | D        | Reached skill level 5 in Dodging
   382 | D        | Reached skill level 10 in Shields
   387 | D        | Reached skill level 10 in Fighting
   387 | D        | Reached ** piety under Trog
   614 | D        | Noticed a vampire mosquito
   614 | D        | Noticed a cyclops
   614 | D        | Noticed a troll
   614 | D        | Noticed a cyclops
   614 | D        | Noticed a slime creature
   614 | D        | Noticed a guardian serpent
   627 | D        | Killed a guardian serpent
   628 | D        | Reached skill level 10 in Polearms
   628 | D        | Reached XP level 8. HP: 46/80 MP: 7/7
   632 | D        | Killed a slime creature
   633 | D        | Reached skill level 1 in Stealth
   635 | D        | Killed a cyclops
   638 | D        | Killed a troll
   639 | D        | Reached skill level 11 in Shields
   646 | D        | Killed a cyclops
   646 | D        | Reached *** piety under Trog
   647 | D        | Reached XP level 9. HP: 21/89 MP: 8/8
  1050 | D        | Noticed a black mamba
  1050 | D        | Noticed a komodo dragon
  1056 | D        | Noticed a boulder beetle
  1058 | D        | Killed a komodo dragon
  1069 | D        | Reached **** piety under Trog
  1074 | D        | Killed a black mamba
  1075 | D        | Reached skill level 12 in Shields
  1083 | D        | Killed a boulder beetle
  1099 | D        | Reached XP level 10. HP: 65/99 MP: 9/9
  1220 | D        | Noticed a cane toad
  1220 | D        | Noticed a cane toad
  1221 | D        | Noticed a cane toad
  1227 | D        | Reached ***** piety under Trog
  1231 | D        | Killed a cane toad
  1232 | D        | Reached skill level 15 in Polearms
  1237 | D        | Killed a cane toad
  1238 | D        | Reached skill level 13 in Shields
  1243 | D        | Killed a cane toad
  1245 | D        | Received a gift from Trog
  1490 | D        | Noticed a cane toad
  1490 | D        | Noticed a cane toad
  1494 | D        | Killed a cane toad
  1502 | D        | Noticed a cane toad
  1521 | D        | Killed a cane toad
  1521 | D        | Received a gift from Trog
  1522 | D        | Reached skill level 5 in Stealth
  1632 | D        | Killed a cane toad
  1863 | D        | Noticed Urug
  1879 | D        | Killed Urug
  1880 | D        | Reached skill level 14 in Shields
  1880 | D        | Reached XP level 11. HP: 106/108 MP: 10/10
  2065 | D        | Reached ****** piety under Trog
  2069 | D        | Received a gift from Trog
  2092 | D        | Identified the +9 spear of Tumult {flame, rN+ Dex+6} (Trog
                  | gifted it to you in the Dungeon)
  2092 | D        | Received a gift from Trog
  2255 | D        | Received a gift from Trog
  2275 | D        | Received a gift from Trog
  2418 | D        | Found Xaonwint's Weapon Boutique.
  2418 | D        | Noticed a two-headed ogre
  2418 | D        | Noticed a two-headed ogre
  2427 | D        | Killed a two-headed ogre
  2431 | D        | Killed a two-headed ogre
  2433 | D        | Found Urusm's Distillery.
  2447 | D        | Noticed an ogre mage
  2455 | D        | Killed an ogre mage
  2455 | D        | Received a gift from Trog
  2456 | D        | Reached skill level 15 in Fighting
  2466 | D        | Noticed a two-headed ogre
  2467 | D        | Found Ompum's Distillery.
  2475 | D        | Killed a two-headed ogre
  2476 | D        | Reached skill level 15 in Shields
  2476 | D        | Found Etekhlaevo's Magic Scroll Shop.
  2492 | D        | Noticed a two-headed ogre
  2500 | D        | Killed a two-headed ogre
  2501 | D        | Reached skill level 10 in Dodging
  2502 | D        | Received a gift from Trog
  2624 | D        | Bought a scroll of fear for 38 gold pieces
  2624 | D        | Bought a scroll of enchant armour for 82 gold pieces
  2624 | D        | Bought a scroll of holy word for 82 gold pieces
  2624 | D        | Bought a scroll of brand weapon for 220 gold pieces
  2626 | D        | Bought a potion of curing for 39 gold pieces
  2626 | D        | Bought a potion of curing for 39 gold pieces
  2626 | D        | Bought a potion of haste for 130 gold pieces
  2626 | D        | Bought a potion of heal wounds for 65 gold pieces
  2628 | D        | Bought a potion of curing for 42 gold pieces
  2628 | D        | Bought a potion of resistance for 140 gold pieces
  2628 | D        | Bought a potion of berserk rage for 70 gold pieces
  2628 | D        | Bought 2 potions of heal wounds for 140 gold pieces
  2628 | D        | Bought a potion of cancellation for 112 gold pieces
  2628 | D        | Bought 2 potions of haste for 280 gold pieces
  2628 | D        | Bought a potion of curing for 42 gold pieces
  2628 | D        | Bought a potion of curing for 42 gold pieces
  2636 | D        | Bought a scroll of identify for 22 gold pieces
  2636 | D        | Bought a scroll of identify for 22 gold pieces
  2636 | D        | Bought a scroll of identify for 22 gold pieces
  2636 | D        | Bought a scroll of identify for 22 gold pieces
  2656 | D        | Noticed Gastronok
  2668 | D        | Killed Gastronok
  2734 | D        | Noticed Erica
  2735 | D        | Noticed Eustachio
  2741 | D        | Killed Erica
  2746 | D        | Killed Eustachio
  2806 | D        | Found the +9 staff of Olgreb {rPois∞}
  2910 | D        | Noticed a boulder beetle
  2910 | D        | Noticed an ogre mage
  2910 | D        | Noticed a death knight
  2916 | D        | Noticed a deep elf pyromancer
  2923 | D        | Reached XP level 12. HP: 122/122 MP: 11/11
  2931 | D        | Noticed an ettin
  2933 | D        | Killed a death knight
  2938 | D        | Killed an ogre mage
  2938 | D        | Received a gift from Trog
  2939 | D        | Reached skill level 16 in Shields
  3072 | D        | Killed a boulder beetle
  3080 | D        | Noticed a tengu warrior
  3081 | D        | Killed an ettin
  3082 | D        | Noticed a stone giant
  3083 | D        | Noticed a stone giant
  3087 | D        | Noticed an ettin
  3097 | D        | Killed a stone giant
  3098 | D        | Killed a stone giant
  3098 | D        | Identified the +12 rapier of Trog's Scorn {flame, +Rage
                  | +Inv rN+} (Trog gifted it to you in the Dungeon)
  3098 | D        | Received a gift from Trog
  3099 | D        | Killed a tengu warrior
  3100 | D        | Reached skill level 15 in Armour
  3101 | D        | Killed an ettin
  3227 | D        | Noticed a stone giant
  3243 | D        | Killed a stone giant
  3248 | D        | Reached skill level 17 in Shields
  3454 | D        | Noticed a four-headed hydra
  3462 | D        | Noticed a bunyip
  3466 | D        | Noticed a shambling mangrove
  3483 | D        | Killed a four-headed hydra
  3483 | D        | Received a gift from Trog
  3492 | D        | Killed a bunyip
  3498 | D        | Killed a shambling mangrove
  3767 | D        | Noticed an entropy weaver
  3775 | D        | Noticed an emperor scorpion
  3782 | D        | Killed an entropy weaver
  3783 | D        | Reached XP level 13. HP: 136/136 MP: 12/12
  3787 | D        | Received a gift from Trog
  3791 | D        | Reached skill level 18 in Shields
  3838 | D        | Killed an emperor scorpion
  3858 | D        | Received a gift from Trog
  4074 | D        | Reached skill level 19 in Shields
  4093 | D        | Received a gift from Trog
  4288 | D        | Noticed a merfolk impaler
  4298 | D        | Killed a merfolk impaler
  4309 | D        | Reached skill level 20 in Shields
  4317 | D        | Received a gift from Trog
  4321 | D        | Reached skill level 1 in Evocations
  4457 | D        | Noticed Saint Roka
  4464 | D        | Received a gift from Trog
  4479 | D        | Killed Saint Roka
  4480 | D        | Reached skill level 21 in Shields
  4590 | D        | Noticed Frances
  4601 | D        | Killed Frances
  4601 | D        | Received a gift from Trog
  4662 | D        | Noticed Aizul
  4674 | D        | Killed Aizul
  4907 | D        | Noticed a green very ugly thing
  4907 | D        | Noticed a vampire knight
  4913 | D        | Noticed a green very ugly thing
  4914 | D        | Paralysed by a vampire knight for 4 turns
  4920 | D        | Killed a vampire knight
  4921 | D        | Reached skill level 22 in Shields
  4938 | D        | Killed a green very ugly thing
  5018 | D        | Noticed a jiangshi
  5029 | D        | Received a gift from Trog
  5042 | D        | Reached XP level 14. HP: 125/149 MP: 13/13
  5155 | D        | Paralysed by a great orb of eyes for 6 turns
  5164 | D        | Paralysed by a great orb of eyes for 4 turns
  5169 | D        | Identified the +7 halberd of Offence {flame, rElec rN+
                  | Dex+3} (Trog gifted it to you in the Dungeon)
  5169 | D        | Received a gift from Trog
  5200 | D        | Noticed a lich
  5201 | D        | Noticed a stone giant
  5202 | D        | Noticed a purple very ugly thing
  5217 | D        | Reached skill level 23 in Shields
  5223 | D        | Killed a green very ugly thing
  5225 | D        | Killed a lich
  5230 | D        | Killed a stone giant
  5237 | D        | Killed a purple very ugly thing
  5566 | D        | Received a gift from Trog
  5649 | D        | Noticed a purple very ugly thing
  5673 | D        | Killed a purple very ugly thing
  5673 | D        | Received a gift from Trog
  5674 | D        | Reached skill level 24 in Shields
  5677 | D        | Noticed an ironbound preserver
  5682 | D        | Noticed a vault warden
  5690 | D        | Noticed an ironbound preserver
  5694 | D        | Received a gift from Trog
  5697 | D        | Killed an ironbound preserver
  5723 | D        | Killed a vault warden
  5732 | D        | Killed an ironbound preserver
  5735 | D        | Received a gift from Trog
  5736 | D        | Noticed a vault warden
  5740 | D        | Noticed a sphinx
  5761 | D        | Received a gift from Trog
  5768 | D        | Killed a vault warden
  5769 | D        | Reached skill level 25 in Shields
  5775 | D        | Killed a sphinx
  6043 | D        | Found the +10 tower shield of Ignorance {rN+ Int-4}
  6156 | D        | Noticed Louise
  6168 | D        | Killed Louise
  6168 | D        | Received a gift from Trog
  6268 | D        | Received a gift from Trog
  6269 | D        | Reached XP level 15. HP: 161/161 MP: 14/14
  6276 | D        | Reached skill level 26 in Shields
  6471 | D        | Got a decaying rune of Zot
  6487 | D        | Killed a ghost moth
  6487 | D        | Received a gift from Trog
  6513 | D        | Killed a ghost moth
  6523 | D        | Received a gift from Trog
  6562 | D        | Got a gossamer rune of Zot
  6622 | D        | Noticed a nagaraja
  6622 | D        | Noticed a nagaraja
  6624 | D        | Noticed a nagaraja
  6627 | D        | Reached skill level 27 in Shields
  6638 | D        | Received a gift from Trog
  6641 | D        | Noticed a nagaraja
  6651 | D        | Killed a nagaraja
  6665 | D        | HP: 6/163 [nagaraja/+0 vampiric spear (9)]
  6666 | D        | HP: 2/163 [nagaraja/+0 vampiric spear (5)]
  6671 | D        | Killed a nagaraja
  6673 | D        | Killed a nagaraja
  6673 | D        | Received a gift from Trog
  6680 | D        | Killed a nagaraja
  6706 | D        | Received a gift from Trog
  6984 | D        | Got a serpentine rune of Zot
  6992 | D        | Noticed Ilsuiw
  7005 | D        | Received a gift from Trog
  7010 | D        | Reached skill level 5 in Evocations
  7021 | D        | Killed Ilsuiw
  7039 | D        | Killed from afar by a merfolk aquamancer

Illustrated notes

Levels and vault maps discovered:
D:        linesprint [early_d, line_temple, items_1, d_10, items_2, lair_1,
          lair_end, items_3, orc_1, orc_end, items_4, d_15, swamp_1, shoals_1,
          snake_1, spider_1, d_20, vaults_1, items_5, swamp_end, shoals_end,
          snake_end, spider_end, vaults_end, d_27, items_6, zot_1, zot_end,
          crypt_end, forest_end, elf_end, slime_end, tomb_end, abyss_end,
          pan_hell_end]

Skill      XL: |  1  2  3  4  5  6  7  8  9 10 11 12 13 14 15 |
---------------+----------------------------------------------+-----
Fighting       | 4 5 7 8 9 10 11 12 13 16 18 20 22 23 | 23.5
Armour         | 4 5 7 9 10 11 12 13 14 15 16 18 19 | 19.9
Shields        | 4 5 7 8 9 10 11 12 14 15 17 22 25 27 | 27.0
Polearms       | 3 4 6 8 10 12 14 16 19 21 22 24 25 | 25.7
Dodging        | 1 2 3 4 5 7 8 9 10 11 12 14 | 14.1
Stealth        | 1 3 5 6 |  6.1
Evocations     | 1 4 5 |  5.1

Action                   |  1- 3 |  4- 6 |  7- 9 | 10-12 | 13-15 || total
-------------------------+-------+-------+-------+-------+-------++-------
Melee: Trident           |    33 |    19 |    82 |    63 |       ||   197
       Headbutt          |     8 |     3 |    18 |    78 |   168 ||   275
       Spear             |       |       |       |   266 |   608 ||   874
Throw: Javelin           |       |       |       |       |     2 ||     2
Invok: Berserk           |       |       |     1 |    12 |    14 ||    27
       Brothers in Arms  |       |       |       |     1 |     6 ||     7
       Trog's Hand       |       |       |       |       |     2 ||     2
Evoke: Wand              |       |       |       |     1 |     9 ||    10
  Use: Potion            |     1 |     2 |     2 |     2 |    13 ||    20
       Scroll            |       |       |       |       |     2 ||     2
 Stab: Invisible         |       |       |     2 |       |       ||     2
Armor: Scale mail        |    15 |     1 |       |       |       ||    16
       Ring mail         |       |     4 |     3 |     7 |       ||    14
       Plate armour      |       |       |       |     3 |       ||     3
       Storm dragon scal |       |       |       |    14 |    89 ||   103
Dodge: Dodged            |     7 |     7 |    14 |    36 |    98 ||   162
Block: Kite shield       |    14 |    14 |    21 |    37 |       ||    86
       Tower shield      |       |       |       |    58 |   451 ||   509

Table legend: (Time is in decaauts)
 A = Elapsed time spent in this place.
 B = Non-inter-level travel time spent in this place.
 C = Inter-level travel time spent in this place.
 D = Time resting spent in this place.
 E = Time spent auto-exploring this place.
 F = Levels seen in this place.
 G = Mean time per level.
                   A        B        C        D        E       F      G
               +--------+--------+--------+--------+--------+-----+--------+
         Total |   6843 |   6843 |      0 |   3725 |   1168 |   1 | 6843.0 |
       Dungeon |   6843 |   6843 |      0 |   3725 |   1168 |   1 | 6843.0 |
               +--------+--------+--------+--------+--------+-----+--------+

Top non-repeatable levels by time:
       D: 6843 daAuts
